 Dungeon Crawl Stone Soup version 0.17.0-28-g6e173f8 (webtiles) character file.

74 M4edhros the Charlatan (level 4, -1/28 HPs)
             Began as an Octopode Artificer on Nov 29, 2015.
             Slain by a giant frog skeleton (4 damage)
             ... on level 5 of the Dungeon.
             The game lasted 00:00:55 (989 turns).

M4edhros the Charlatan (Octopode Artificer)          Turns: 989, Time: 00:00:55

Health: -1/28      AC:  1    Str: 10    XL:     4   Next: 28%
Magic:  7/7        EV: 12    Int: 15    God:
Gold:   37         SH:  0    Dex: 12    Spells: 0 memorised, 3 levels left

rFire  . . .     SeeInvis .     i - +1 dagger (venom)
rCold  . . .     Clarity  .     (no shield)
rNeg   . . .     SustAt   .     (helmet restricted)
rPois  .         Gourm    .     (no amulet)
rElec  .         Spirit   .     (no ring)
rCorr  .         Warding  .     (no ring)
rMut   .         Stasis   .     (no ring)
MR     .....                    (no ring)
Stlth  ++++......               (no ring)
                                (no ring)
                                (no ring)
                                (no ring)

@: not resistant to hostile enchantments, stealthy
A: almost no armour, amphibious, 8 rings, constrict 8, camouflage 1, gelatinous
body 1
a: no special abilities


You were on level 5 of the Dungeon.
You were not hungry.

You visited 1 branch of the dungeon, and saw 5 of its levels.

You collected 37 gold pieces.

Inventory:

Hand Weapons
 a - a +0 short sword
 i - a +1 dagger of venom (weapon)
Wands
 b - a wand of flame (12)
 c - a wand of enslavement (15)
 d - a wand of random effects (15)
Scrolls
 f - a scroll of blinking {unknown}
 g - 3 scrolls of identify {unknown}
 h - 4 scrolls of remove curse {unknown}
 k - a scroll of amnesia {unknown}
 l - a scroll of immolation {unknown}
Potions
 j - a potion of curing {unknown}
Comestibles
 e - 2 bread rations
 m - a beef jerky
 n - 2 slices of pizza


   Skills:
 - Level 1.0 Fighting
 - Level 1.0 Short Blades
 - Level 2.0 Dodging
 + Level 4.1 Stealth
 + Level 4.4 Evocations


You had 3 spell levels left.
You didn't know any spells.

Dungeon Overview and Level Annotations

Branches:
Dungeon (5/15)
 Temple: D:4-7

Altars:


Innate Abilities, Weirdness & Mutations

You cannot wear most types of armour.
You are amphibious.
You can wear up to eight rings at the same time.
You can use your tentacles to constrict eight enemies at once.
Your skin changes colour to match your surroundings (Stealth).
Your rubbery body absorbs attacks (AC +1).


Message History

Evoke which item? (* to show all) (? for menu, Esc to quit)
Zapping:
b - a wand of flame (14)
Press: ? - help, Shift-Dir - straight line, f/p - giant frog skeleton
Aim: a giant frog skeleton The puff of flame hits the giant frog skeleton.
This wand has 13 charges left.
The giant frog skeleton barely misses you.
The giant frog skeleton hits you.
* * * LOW HITPOINT WARNING * * *
You hit the giant frog skeleton. You grab the giant frog skeleton.
You constrict the giant frog skeleton. The giant frog skeleton hits you.
* * * LOW HITPOINT WARNING * * *
Evoke which item? (* to show all) (? for menu, Esc to quit)
Zapping:
b - a wand of flame (13)
Press: ? - help, Shift-Dir - straight line, f/p - giant frog skeleton
Aim: a giant frog skeleton (constricted by you)
The puff of flame hits the giant frog skeleton.
This wand has 12 charges left.
You constrict the giant frog skeleton. The giant frog skeleton hits you.
You die...

...... ### ......
... ♣≈..... #..
≈.$.... #.###
....[.. ...#
.......
##.###l......
#...@ZZ......
.######..####..≈≈..
.........# ..≈..
########.## Z...
#..# ... #### ##.#
.. #..# #.# .
##.#### #.#
#...[###.#


You could see a giant newt, a hound skeleton and a giant frog skeleton.

Vanquished Creatures
  A worker ant (D:5)
  An orc wizard (D:4)
  A worm (D:5)
  A giant gecko (D:2)
  3 orcs (D:4)
  2 bats
  A giant cockroach (D:2)
  A goblin (D:2)
  2 hobgoblins
  3 jackals (D:2)
  2 ball pythons
  A giant newt (D:3)
  3 kobolds
  2 rats
24 creatures vanquished.

Notes
Turn   | Place    | Note
--------------------------------------------------------------
     0 | D:1      | M4edhros the Octopode Artificer began the quest for the Orb.
     0 | D:1      | Reached XP level 1. HP: 13/13 MP: 3/3
   239 | D:2      | Reached XP level 2. HP: 9/18 MP: 4/4
   834 | D:4      | Reached skill level 4 in Evocations
   834 | D:4      | Reached XP level 3. HP: 20/23 MP: 4/6
   949 | D:5      | Entered Level 5 of the Dungeon
   984 | D:5      | Reached XP level 4. HP: 13/28 MP: 7/7
   989 | D:5      | Slain by a giant frog skeleton

Action                   |  1- 3 |  4- 6 || total
-------------------------+-------+-------++-------
Melee: Short sword       |    20 |       ||    20
       Dagger            |    33 |     1 ||    34
Evoke: Wand              |       |     3 ||     3
 Stab: Sleeping          |     7 |       ||     7
